 Dungeon Crawl Stone Soup version 0.29-a0-321-gf1c400731a (webtiles) character file.

Game seed: 1452067389551862214

1563 croobank the Chopper (level 8, -4/73 HPs)
             Began as a Hill Orc Fighter on Apr 4, 2022.
             Was a Believer of Beogh.
             Slain by Prince Ribbit (7 damage)
             ... on level 7 of the Dungeon.
             The game lasted 00:27:45 (6362 turns).

croobank the Chopper (Hill Orc Fighter)             Turns: 6362, Time: 00:27:45

Health: -4/73      AC:  9    Str: 27    XL:     8   Next: 89%
Magic:  8/8        EV: 10    Int:  8    God:    Beogh [**....]
Gold:   332        SH:  5    Dex: 10    Spells: 7/7 levels left

rFire   + . .      SeeInvis .   a - +1 war axe (protect)
rCold   + . .      Faith    .   c - +0 buckler
rNeg    . . .      Spirit   .   r - +3 ring mail
rPois   +          Reflect  .   (no helmet)
rElec   +          Harm     .   (no cloak)
rCorr   +          Rampage  .   (no gloves)
Will    .....                   (no boots)
Stlth   ..........              (no amulet)
HPRegen 0.22/turn               k - ring "Hierphem" {rCorr Slay+4}
MPRegen 0.11/turn               o - +6 ring of strength

@: resistant
A: no striking features
a: Renounce Religion, Smiting


You were on level 7 of the Dungeon.
You worshipped Beogh.
Beogh was pleased with you.
You visited 1 branch of the dungeon, and saw 7 of its levels.
You also visited: Sewer.

You collected 332 gold pieces.

Inventory:

Hand Weapons
 a - a +1 war axe of protection (weapon)
 p - a +2 rapier of venom
 q - a +0 long sword
Missiles
 f - 125 stones (quivered)
Armour
 b - a +0 scale mail
 c - a +0 buckler (worn)
 r - a +3 ring mail (worn)
 s - a +0 chain mail
Jewellery
 e - a ring of poison resistance
 j - a +4 ring of protection
 k - the ring "Hierphem" (left hand) {rCorr Slay+4}
   (You found it on level 3 of the Dungeon)

   [ring of slaying]

   Slay:      It affects your accuracy & damage with ranged weapons and melee
   (+4).
   rCorr:     It protects you from acid and corrosion.
 o - a +6 ring of strength (right hand)
Wands
 l - a wand of polymorph (6)
Potions
 g - 2 potions of flight
 h - a potion of lignification
 i - 5 potions of magic
 m - a potion of haste


   Skills:
 + Level 7.4 Fighting
 + Level 7.5 Axes
 + Level 6.7 Armour
 + Level 6.8 Shields


You had 7 spell levels left.
You didn't know any spells.
Your spell library contained the following spells:

 Spells                   Type           Power      Damage    Failure   Level
 Blink                    Tloc           0%         N/A       75%         2
 Lesser Beckoning         Tloc           0%         N/A       93%         3
 Ozocubu's Armour         Ice            0%         N/A       93%         3
 Manifold Assault         Tloc           0%         N/A       100%        5
 Ozocubu's Refrigeration  Ice            0%         4d5       100%        7


Dungeon Overview and Level Annotations

Branches:
Dungeon (7/15)             Temple (0/1) D:5           Sewer (visited)

Altars:

Shops:
D:2 [

Annotations:
D:7 Prince Ribbit


Message History

The gnoll sergeant hits you with a +0 trident of freezing!
The gnoll sergeant freezes you. You block the gnoll's attack.
You block the gnoll sergeant's attack. The gnoll barely misses you.
You hit the gnoll sergeant.
The gnoll sergeant is almost dead.
The gnoll sergeant hits you with a +0 trident of freezing!
* * * LOW HITPOINT WARNING * * *
The gnoll sergeant freezes you.
* * * LOW HITPOINT WARNING * * *
The gnoll hits you but does no damage.
You feel protected.
The gnoll sergeant hits you with a +0 trident of freezing.
* * * LOW HITPOINT WARNING * * *
The gnoll sergeant freezes you.
* * * LOW HITPOINT WARNING * * *
You block the gnoll's attack.
The gnoll sergeant hits you but does no damage.
Prince Ribbit hops awkwardly around.
Prince Ribbit blinks!
You hit Prince Ribbit.
Your weapon exudes an aura of protection.
Prince Ribbit is heavily wounded.
Prince Ribbit hits you.
* * * LOW HITPOINT WARNING * * *
Prince Ribbit closely misses you. Prince Ribbit misses you.
Prince Ribbit barely misses you.
Okay, then.
Really read the scroll of immolation? [Y]es or [N]o only, please.
Really read the scroll of immolation?
As you read the scroll of immolation, it crumbles to dust.
The creatures around you are filled with an inner flame!
The gnoll sergeant hits you from afar with a +0 trident of freezing!
* * * LOW HITPOINT WARNING * * *
The gnoll sergeant freezes you.
* * * LOW HITPOINT WARNING * * *
Prince Ribbit closely misses you. Prince Ribbit hits you!
You die...

.........gg..ยง.).......
##.###.#######)##.###.
#..# #)##.#### ##.#
#g##.##. # #.# #g##.#..
#.####g######.##.#.##
#....g........##.#..#
####F................
#@#.#######.#####.
..................# ##).
#####...........[####..#
###.#.###.......#.##
#.#.# #.......#..#
#.#.###........... #.#
..........#### #.#
###.........##
............#


You could see Prince Ribbit (inner flame), a gnoll sergeant (inner flame) and a
gnoll (inner flame).

Vanquished Creatures
  2 water moccasins (D:6)
  An ice beast (D:6)
  2 black bears (D:6)
  An ogre (D:4)
  A phantom (D:4)
  A bullfrog (D:5)
  A gnoll sergeant (D:6)
  2 necrophages (D:6)
  A scorpion (D:6)
  A hound (D:6)
  4 jellies
  2 iguanas
  An orc wizard (D:6)
  13 adders
  12 gnolls
  2 river rats (Sewer)
  An ufetubus (D:6)
  2 worms (Sewer)
  A dart slug (D:4)
  11 orcs
  14 ball pythons
  3 bats
  19 endoplasms
  8 giant cockroaches
  7 goblins
  3 hobgoblins
  3 jackals (D:2)
  4 quokkas
  3 frilled lizards
  7 kobolds
133 creatures vanquished.

Vanquished Creatures (others)
  An orc (D:4)
  A goblin (D:4)
2 creatures vanquished.

Grand Total: 135 creatures vanquished

Notes
Turn   | Place    | Note
-------+----------+-------------------------------------------
     0 | D:1      | croobank the Hill Orc Fighter began the quest for the Orb.
     0 | D:1      | Reached XP level 1. HP: 19/19 MP: 1/1
   375 | D:1      | Reached XP level 2. HP: 21/27 MP: 2/2
   835 | D:1      | Reached XP level 3. HP: 28/33 MP: 3/3
  1784 | D:2      | Found Vekh's Antique Armour Emporium.
  1871 | D:2      | Reached XP level 4. HP: 40/40 MP: 4/4
  2210 | D:2      | Found a faded altar of an unknown god.
  2323 | D:3      | Identified the ring "Hierphem" {rCorr Slay+4}
  3114 | D:4      | Became a worshipper of Beogh the Brigand
  3194 | D:4      | Reached XP level 5. HP: 21/47 MP: 5/5
  3290 | D:4      | Found a glowing drain.
  3458 | Sewer    | Entered a sewer
  3694 | Sewer    | Reached * piety under Beogh
  3698 | Sewer    | Reached skill level 5 in Fighting
  3699 | Sewer    | Reached XP level 6. HP: 38/56 MP: 6/6
  3851 | Sewer    | HP: 2/56 [ball python (2)]
  3898 | Sewer    | Found a viscous altar of Jiyva.
  4034 | D:4      | Reached skill level 5 in Axes
  4405 | D:4      | Reached skill level 5 in Shields
  4405 | D:4      | Reached XP level 7. HP: 53/61 MP: 7/7
  4408 | D:4      | Reached skill level 5 in Armour
  4581 | D:5      | Entered Level 5 of the Dungeon
  4592 | D:5      | Found a staircase to the Ecumenical Temple.
  4616 | D:5      | Noticed a two-headed ogre
  4628 | D:5      | Reached ** piety under Beogh
  4992 | D:6      | Reached XP level 8. HP: 59/71 MP: 8/8
  5110 | D:6      | Identified the +0 robe "Qarut" {Regen+}
  6324 | D:7      | Noticed Prince Ribbit
  6360 | D:7      | HP: 2/73 [gnoll sergeant/+0 trident of freezing (2)]
  6362 | D:7      | Slain by Prince Ribbit

Illustrated notes

Levels and vault maps discovered:
D:1:      nagdon_arrival_zigzag_paths, layout_basic, minmay_misc_feat_tower
D:2:      layout_basic, serial_shops, shop, ebering_ecumenical_altar_rust,
          minmay_liquid_box, grunt_ministairs_13
D:3:      layout_loops_ring, minivault_5, hangedman_decor_clover_reticule,
          chequers_serial_rivers_small_b, kennysheep_another_room,
          kennysheep_generic_room_3
D:4:      layout_basic, tgw_sif, gup_sewer_entry_pipe, minmay_misc_feat_hallway,
          kennysheep_generic_room_5
D:5:      layout_rooms, minmay_temple_entry_slanted
D:6:      layout_cave_pods
D:7:      layout_loops_ring, serial_glass, glass_columns_a, glass_columns_c,
          minmay_strange_pillars, feat_on_display, minmay_strange_pillars,
          due_unseen_surprise, uniq_prince_ribbit1

Skill      XL: |  1  2  3  4  5  6  7  8 |
---------------+-------------------------+-----
Axes           | 3 4 5 6 7 |  7.5
Fighting       | 4 5 6 7 |  7.4
Shields        | 4 5 6 |  6.8
Armour         | 4 5 6 |  6.7

Action                   |  1- 3 |  4- 6 |  7- 9 || total
-------------------------+-------+-------+-------++-------
Melee: War axe           |   106 |   221 |   137 ||   464
Throw: Javelin           |       |       |     5 ||     5
       Dart              |       |       |     3 ||     3
       Stone             |       |       |     6 ||     6
       Throwing net      |       |       |     1 ||     1
Invok: Convert to Beogh  |       |     1 |       ||     1
       Smiting           |       |       |     3 ||     3
  Use: Scroll            |     6 |     4 |    12 ||    22
       Potion            |       |     4 |    10 ||    14
Armor: Scale mail        |    67 |    33 |       ||   100
       Ring mail         |       |    89 |    89 ||   178
       Skin              |       |       |     5 ||     5
Dodge: Dodged            |    61 |   123 |    75 ||   259
Block: Buckler           |    25 |    55 |    37 ||   117

Table legend: (Time is in decaauts)
 A = Elapsed time spent in this place.
 B = Non-inter-level travel time spent in this place.
 C = Inter-level travel time spent in this place.
 D = Time resting spent in this place.
 E = Time spent auto-exploring this place.
 F = Levels seen in this place.
 G = Mean time per level.
                   A        B        C        D        E       F      G
               +--------+--------+--------+--------+--------+-----+--------+
         Total |   6498 |   6258 |    240 |    598 |   4095 |   8 |  812.2 |
       Dungeon |   5918 |   5678 |    240 |    394 |   3946 |   7 |  845.4 |
         Sewer |    580 |    580 |      0 |    204 |    149 |   1 |  580.0 |
               +--------+--------+--------+--------+--------+-----+--------+

Top non-repeatable levels by time:
     D:4: 1294 daAuts
     D:2: 1189 daAuts
     D:1: 1138 daAuts
     D:6: 1110 daAuts
     D:3: 808 daAuts
   Sewer: 580 daAuts
     D:7: 257 daAuts
     D:5: 120 daAuts
